AoeStats
← SW_Paul

MegaRandom

510294331Analyzed
4v4 RM · 2d ago on Sep 30, 2026· 44m 58s· 8 players
Game mode
Random Map
Map size
Large (8 player)
Population
200
Speed
Normal
Resources
Standard
Victory
Conquest
Starting age
Dark Age
Ending age
Imperial Age
RankedLock teamsTeams togetherTeam positionsShared explorationLock speedFull tech treeHidden civsTurbo modeCheats
Victory
Defeat
🇨🇳 Britons · China
1260
+15
🇨🇳 Magyars · China
1259
+15
🇲🇳 Mongols · Mongolia
1205
+17
🇯🇵 Bulgarians · Japan
1188
+18
🇩🇪 Lithuanians · Germany
1299
-18
🇹🇷 Vietnamese · Türkiye
1237
-16
🇨🇳 Varangians · China
1218
-16
🇨🇳 Spanish · China
1193
-15
哈撒韦
10:15 Loom
12:00 Feudal Age
13:22 Double-Bit Axe
13:35 Fishing Lines
16:54 Castle Age
15:04 Horse Collar
22:02 Bow Saw
22:43 Scale Barding Armor
22:59 Gillnets
25:20 Wheelbarrow
28:14 Bloodlines
28:04 Husbandry
30:52 Imperial Age
28:51 Gold Mining
29:26 Stone Mining
30:32 Chain Barding Armor
31:24 Fervor
32:21 Gold Shaft Mining
32:24 Plate Barding Armor
31:58 Light Cavalry
33:10 Hand Cart
32:31 Cavalier
35:32 Two-Man Saw
34:33 Heavy Plow
36:01 Paladin
38:38 Crop Rotation
40:18 Treadmill Crane
40:48 Masonry
42:51 Conscription
44:52 Siege Engineers
cupubangetz
7:04 Loom
13:15 Feudal Age
13:52 Double-Bit Axe
14:08 Horse Collar
17:47 Castle Age
16:43 Forging
17:06 Scale Mail Armor
17:12 Arson
18:57 Gambesons
20:17 Squires
22:21 Wheelbarrow
24:31 Bow Saw
25:24 Pikeman
26:18 Stone Mining
26:19 Gold Mining
26:55 Chain Mail Armor
27:15 Iron Casting
27:53 Stone Shaft Mining
27:17 Fletching
28:01 Heavy Plow
30:56 Gold Shaft Mining
30:39 Bodkin Arrow
31:23 Hand Cart
30:55 Town Watch
31:08 Elite Skirmisher
33:21 Iron Casting
35:02 Scale Barding Armor
35:51 Stirrups
37:31 Ballistics
38:08 Bloodlines
37:58 Husbandry
39:05 Murder Holes
45:52 Imperial Age
xcfotrp131
11:33 Feudal Age
15:28 Castle Age
13:22 Double-Bit Axe
14:11 Horse Collar
15:12 Loom
24:20 Wheelbarrow
27:07 Hand Cart
27:31 Bow Saw
31:03 Imperial Age
29:08 Fletching
29:19 Padded Archer Armor
29:35 Bodkin Arrow
31:01 Leather Archer Armor
31:11 Ballistics
32:17 Ring Archer Armor
31:52 Bracer
31:17 Pikeman
33:03 Two-Man Saw
32:00 Gold Mining
32:20 Squires
32:22 Scale Mail Armor
32:37 Forging
32:33 Halberdier
33:30 Chain Mail Armor
34:47 Plate Mail Armor
34:19 Stone Mining
36:21 Iron Casting
37:09 Chemistry
39:25 Blast Furnace
38:52 Elite Longbowman
41:24 Gold Shaft Mining
41:38 Conscription
42:51 Town Watch
45:11 Yeomen
XYHHY
1:08 Loom
12:42 Feudal Age
14:01 Double-Bit Axe
16:50 Castle Age
14:33 Horse Collar
20:57 Fletching
26:11 Husbandry
27:37 Bodkin Arrow
28:29 Padded Archer Armor
29:33 Leather Archer Armor
33:32 Ballistics
34:06 Bloodlines
38:23 Imperial Age
36:31 Wheelbarrow
39:19 Bracer
40:22 Chemistry
40:33 Conscription
40:19 Gold Mining
40:22 Stone Mining
40:44 Bow Saw
42:53 Hand Cart
44:20 Elite Mangudai
45:12 Murder Holes
Finn4n
10:57 Feudal Age
12:12 Loom
15:13 Castle Age
14:21 Horse Collar
14:28 Double-Bit Axe
19:26 Bow Saw
19:52 Stone Mining
20:11 Gold Mining
22:07 Heavy Plow
23:47 Scale Barding Armor
25:36 Wheelbarrow
25:38 Forging
27:38 Hand Cart
27:45 Town Watch
28:41 Chain Barding Armor
32:59 Imperial Age
31:57 Stone Shaft Mining
32:08 Iron Casting
34:59 Plate Barding Armor
35:44 Two-Man Saw
35:12 Tower Shields
34:44 Elite Leitis
38:38 Conscription
40:09 Crop Rotation
40:11 Bloodlines
40:01 Husbandry
42:27 Light Cavalry
42:28 Cavalier
45:25 Conscription
Yunus
7:23 Loom
10:39 Feudal Age
11:10 Double-Bit Axe
12:43 Horse Collar
20:38 Castle Age
19:24 Gold Mining
19:42 Fletching
19:52 Padded Archer Armor
20:31 Bloodlines
21:37 Husbandry
23:00 Bodkin Arrow
24:48 Heavy Plow
25:54 Ballistics
27:38 Wheelbarrow
28:45 Leather Archer Armor
28:41 Thumb Ring
29:29 Bow Saw
31:26 Hand Cart
30:56 Town Watch
35:01 Stone Mining
39:41 Pikeman
SW硬虎
12:13 Feudal Age
10:31 Loom
12:16 Feudal Age
17:24 Castle Age
16:14 Double-Bit Axe
17:26 Horse Collar
36:01 Wheelbarrow
36:29 Bow Saw
37:16 Heavy Plow
41:10 Elite Skirmisher
45:45 Imperial Age
43:15 Fletching
43:14 Pikeman
SW_Paul
10:57 Loom
12:43 Feudal Age
14:00 Double-Bit Axe
19:13 Castle Age
17:32 Horse Collar
17:48 Stone Mining
23:10 Gold Mining
23:57 Stone Shaft Mining
25:16 Scale Barding Armor
25:26 Bow Saw
26:10 Fervor
28:00 Chain Barding Armor
28:37 Bloodlines
30:14 Fletching
30:36 Treadmill Crane
32:36 Heavy Plow
33:26 Ballistics
33:50 Wheelbarrow
37:43 Imperial Age
37:16 Husbandry
37:22 Bodkin Arrow
38:47 Conscription
37:51 Capped Ram
38:58 Bracer
39:09 Forging
38:58 Elite Skirmisher
42:00 Hand Cart
42:25 Plate Barding Armor
42:26 Iron Casting
41:28 Imperial Skirmisher
43:23 Chemistry
43:00 Elite Jarl
43:41 Murder Holes
Connection lost

Rejoining the realm…

Still unreachable

The connection could not be restored.

Session expired

The server has moved on; the page needs a fresh start.